 Seeded DCSS version 0.28-a0-1447-ga5a8893891 (webtiles) character file.

Game seed: 20220104 (custom seed)

261 a11behringer the Slasher (level 5, -3/47 HPs)
             Began as a Minotaur Fighter on Jan 10, 2022.
             Slain by a kobold brigand (4 damage)
             ... in a sewer on Jan 11, 2022.
             The game lasted 00:06:28 (2128 turns).

a11behringer the Slasher (Minotaur Fighter)         Turns: 2128, Time: 00:06:31

Health: -3/47      AC: 15    Str: 22    XL:     5   Next: 96%
Magic:  4/4        EV:  6    Int:  5    God:
Gold:   80         SH:  4    Dex: 10    Spells: 4/4 levels left

rFire   . . .      SeeInvis .   a - +0 long sword
rCold   . . .      Faith    .   c - +0 buckler
rNeg    + . .      Spirit   .   t - +0 plate armour
rPois   .          Reflect  .   (helmet restricted)
rElec   .          Harm     .   g - +2 cloak
rCorr   .          Rampage  .   (no gloves)
Will    +....                   (no boots)
Stlth   ..........              (no amulet)
HPRegen 0.15/turn               k - ring of willpower
MPRegen 0.09/turn               l - ring of positive energy

@: lethally poisoned (-3 -> -7), slowed, very slow
A: horns 2, retaliatory headbutt
a: no special abilities


You were in a sewer.
You visited 1 branch of the dungeon, and saw 3 of its levels.
You also visited: Sewer.

You collected 80 gold pieces.

Inventory:

Hand Weapons
 a - a +0 long sword (weapon)
 o - a +0 hunting sling
Missiles
 j - 23 poisoned darts (quivered)
 n - 29 arrows
Armour
 b - a +0 scale mail
 c - a +0 buckler (worn)
 f - a +0 cloak
 g - a +2 cloak (worn)
 t - a +0 plate armour (worn)
Jewellery
 k - a ring of willpower (left hand)
 l - a ring of positive energy (right hand)
Scrolls
 e - a scroll of immolation {unknown}
 i - a scroll of amnesia {unknown}
 m - a scroll of teleportation {unknown}
 p - a scroll of identify {unknown}
Potions
 d - 4 potions of might
 h - 3 potions of curing {unknown}
 q - a potion of flight {unknown}
 r - a potion of berserk rage {unknown}
 s - 2 potions of heal wounds {unknown}


   Skills:
 + Level 4.5 Fighting
 * Level 5.7 Long Blades
 * Level 4.9 Armour
 + Level 0.3 Dodging
 - Level 4.2 Shields


You had 4 spell levels left.
You didn't know any spells.
Your spell library contained the following spells:

 Spells                   Type           Power      Damage    Failure   Level
 Beastly Appendage        Tmut           0%         N/A       100%        1
 Magic Dart               Conj           0%         1d3       100%        1
 Call Imp                 Summ           0%         N/A       100%        2
 Wereblood                Tmut           0%         N/A       100%        2
 Mephitic Cloud           Conj/Pois/Air  0%         N/A       100%        3
 Spider Form              Tmut/Pois      0%         N/A       100%        3


Dungeon Overview and Level Annotations

Branches:
Dungeon (3/15)              Sewer (1/1)

Altars:
Trog


Innate Abilities, Weirdness & Mutations

You have a pair of horns on your head.
You reflexively headbutt those who attack you in melee.


Message History

No target in view!
No target in view!
No target in view!
No target in view!
You enter the shallow water.
Moving in this stuff is going to be slow.
A kobold brigand comes into view.
It is wielding a +0 short sword and quivering curare-tipped darts.
The kobold brigand shouts!
The kobold brigand throws a curare-tipped dart.
The curare-tipped dart hits you.
You are poisoned.
You have difficulty breathing.
You feel yourself slow down.
You feel very sick.
An adder comes into view.
The adder moves out of view.
You enter the shallow water.
Moving in this stuff is going to be slow.
You feel extremely sick.
The kobold brigand throws a curare-tipped dart.
The curare-tipped dart barely misses you.
The kobold brigand throws a curare-tipped dart.
The curare-tipped dart hits you.
You are more poisoned.
You have difficulty breathing.
You feel as though you will be slow longer.
* * * LOW HITPOINT WARNING * * *
You feel extremely sick.
You closely miss the kobold brigand.
* * * LOW HITPOINT WARNING * * *
You feel very sick.
The adder hisses angrily.
The kobold brigand hits you with a +0 short sword.
* * * LOW HITPOINT WARNING * * *
You closely miss the kobold brigand. You headbutt the kobold brigand!
The kobold brigand is moderately wounded.
* * * LOW HITPOINT WARNING * * *
You feel very sick.
The kobold brigand splashes around in the water.
The kobold brigand hits you with a +0 short sword.
You die...

≈#≈#≈≈.P..≈.≈.≈≈P.P≈≈
.#≈#≈≈..P≈≈..≈≈≈..###
.#≈#≈.#≈#≈≈..≈≈.P.≈≈≈
#######≈#≈≈≈≈.≈≈P.≈≈≈
#≈#≈≈≈.≈≈..≈≈≈≈
#≈#..≈.≈.≈≈≈≈≈≈
P≈#.≈......≈≈≈≈
#≈#..≈.PP#########
#≈#.≈.≈..≈@KS≈≈≈≈≈
#≈#≈.≈≈≈P#########
###≈#≈.......≈≈≈
#.≈.≈≈≈≈≈..≈≈≈≈≈
#########.....≈≈≈≈≈
≈≈≈≈≈≈≈≈≈P...≈≈≈≈≈≈
#########.P≈≈≈≈≈≈≈≈
≈≈≈≈≈≈≈≈≈≈≈
≈≈≈≈≈≈≈≈≈≈


You could see a kobold brigand and an adder.

Vanquished Creatures
  A kobold brigand (Sewer)
  Jessica (D:2)
  3 gnolls (D:2)
  5 adders
  3 river rats (Sewer)
  A worm (D:3)
  A dart slug (D:1)
  5 ball pythons
  4 endoplasms
  3 giant cockroaches
  4 goblins
  7 hobgoblins
  3 jackals (Sewer)
  5 kobolds
  3 quokkas
  5 bats
  5 frilled lizards
  6 rats
  A bush (D:1)
66 creatures vanquished.

Vanquished Creatures (others)
  6 plants (Sewer)
6 creatures vanquished.

Grand Total: 72 creatures vanquished

Notes
Turn   | Place    | Note
-------+----------+-------------------------------------------
     0 | D:1      | a11behringer the Minotaur Fighter began the quest for the
                  | Orb.
     0 | D:1      | Reached XP level 1. HP: 19/19 MP: 0/0
   124 | D:1      | Found a faded altar of an unknown god.
   134 | D:1      | Reached XP level 2. HP: 27/27 MP: 1/1
  1041 | D:2      | Reached skill level 3 in Long Blades
  1041 | D:2      | Reached XP level 3. HP: 32/33 MP: 2/2
  1111 | D:2      | Reached XP level 4. HP: 33/40 MP: 3/3
  1224 | D:2      | Reached skill level 4 in Long Blades
  1634 | D:2      | Noticed Jessica
  1639 | D:2      | Killed Jessica
  1640 | D:2      | Reached XP level 5. HP: 47/47 MP: 4/4
  1798 | D:3      | Found a bloodstained altar of Trog.
  1831 | D:3      | Found a glowing drain.
  1841 | Sewer    | Entered a sewer
  1911 | Sewer    | Reached skill level 5 in Long Blades
  2128 | Sewer    | HP: 1/47 [poisoned by a kobold brigand (curare-tipped
                  | dart)]
  2128 | Sewer    | Slain by a kobold brigand

Illustrated notes

Levels and vault maps discovered:
D:1:      noname_arrival_rooms_in_the_neighbourhood, layout_basic,
          ebering_ecumenical_altar_abandoned, serial_forest,
          infiniplex_forest_side_room, infiniplex_forest_lined_3_way,
          infiniplex_forest_end_2, infiniplex_forest_clump_medium,
          infiniplex_forest_clump_small, infiniplex_forest_lined_3,
          minmay_hedge_maze
D:2:      layout_basic, dk_vineyard_2, minmay_unequal, uniq_jessica
D:3:      layout_rooms, mainiacjoe_overflow_cross_hatched, xom_butterflies,
          cheibrodos_sewer_entry_drain, grunt_decor_cap, uniq_sigmund
Sewer:    sewer_co_scattered_pipes

Skill      XL: |  1  2  3  4  5 |
---------------+----------------+-----
Fighting       | 4 |  4.5
Armour         | 4 |  4.9
Long Blades    | 3 4 5 |  5.7
Shields        | 4 |  4.2
Dodging        | |  0.3

Action                   |  1- 3 |  4- 6 || total
-------------------------+-------+-------++-------
Melee: Long sword        |    84 |    94 ||   178
       Headbutt          |    24 |    13 ||    37
Armor: Scale mail        |    21 |    16 ||    37
       Plate armour      |       |    47 ||    47
Dodge: Dodged            |    30 |    42 ||    72
Block: Buckler           |    21 |    18 ||    39

Table legend: (Time is in decaauts)
 A = Elapsed time spent in this place.
 B = Non-inter-level travel time spent in this place.
 C = Inter-level travel time spent in this place.
 D = Time resting spent in this place.
 E = Time spent auto-exploring this place.
 F = Levels seen in this place.
 G = Mean time per level.
                   A        B        C        D        E       F      G
               +--------+--------+--------+--------+--------+-----+--------+
         Total |   2200 |   2128 |     72 |      0 |   1658 |   4 |  550.0 |
       Dungeon |   1880 |   1808 |     72 |      0 |   1431 |   3 |  626.7 |
         Sewer |    319 |    319 |      0 |      0 |    227 |   1 |  319.0 |
               +--------+--------+--------+--------+--------+-----+--------+

Top non-repeatable levels by time:
     D:1: 1049 daAuts
     D:2: 784 daAuts
   Sewer: 319 daAuts
     D:3: 47 daAuts
